 Dungeon Crawl Stone Soup version 0.31-a0-216-g22e908daa7 (webtiles) character file.

Game seed: 14148226053729393376

130 qw the Shooter (level 4, 0/38 HPs)
             Began as a Minotaur Hexslinger on July 2, 2023.
             Slain by an orc wizard
             ... wielding a +0 dagger
              (4 damage)
             ... on level 4 of the Dungeon.
             The game lasted 00:00:56 (2788 turns).

qw the Shooter (Minotaur Hexslinger)                Turns: 2788, Time: 00:00:56

Health: 0/38       AC:  2    Str: 13    XL:     4   Next: 90%
Magic:  4/4        EV: 12    Int: 10    God:
Gold:   120        SH:  0    Dex: 14    Spells: 4/5 levels left

rFire   . . .        Y - +1 sling
rCold   . . .        (no shield)
rNeg    . . .        c - +0 robe
rPois   .            (helmet restricted)
rElec   .            (no cloak)
rCorr   .            (no gloves)
SInv    .            (no boots)
Will    .....        (no amulet)
Stlth   +            (no ring)
HPRegen 0.26/turn    (no ring)
MPRegen 0.09/turn

%: no passive effects
@: confused
A: horns 2, retaliatory headbutt
a: no special abilities


You were on level 4 of the Dungeon.
You visited 1 branch of the dungeon, and saw 4 of its levels.

You collected 120 gold pieces.


Innate Abilities, Weirdness & Mutations

You have a pair of horns on your head.
You reflexively headbutt those who attack you in melee.


   Skills:
 - Level 3.0 Fighting
 + Level 5.0 Ranged Weapons
 - Level 2.1 Dodging
 - Level 1.0 Spellcasting
 - Level 2.0 Hexes


You had 4 spell levels left.
You knew the following spells:

 Your Spells              Type           Power      Damage    Failure   Level
a - Slow                  Hex            16%        N/A       16%         1

Your spell library contained the following spells:

 Spells                   Type           Power      Damage    Failure   Level
 Inner Flame              Hex/Fire       2%         N/A       56%         3
 Portal Projectile        Hex/Tloc       4%         N/A       56%         3
 Cause Fear               Hex            2%         N/A       83%         4

Inventory:

Hand Weapons
 Y - a +1 sling (weapon)
Armour
 c - a +0 robe (worn)
 d - a +0 pair of gloves
 k - quicksilver dragon scales
Jewellery
 b - a ring of willpower
Wands
 j - a wand of digging (8)
Scrolls
 a - a scroll of identify
 e - a scroll of teleportation
Potions
 f - a potion of brilliance {unknown}
 g - a potion of magic {unknown}
 i - a potion of mutation {unknown}

Dungeon Overview and Level Annotations

Branches:
Dungeon (4/15)
 Temple: D:4-7

Altars:

Shops:
D:2 (


Message History

The orc wizard gestures at you while chanting.
The magic dart hits you.
The orc wizard hits you with a +0 dagger.
You shoot a sling bullet.
The sling bullet completely misses the orc wizard.
The orc wizard hits you with a +0 dagger.
You shoot a sling bullet. The sling bullet hits the orc wizard.
The orc wizard is almost dead.
The orc wizard barely misses you.
You shoot a sling bullet.
The sling bullet hits the orc wizard but does no damage.
The orc wizard is almost dead.
The orc wizard hits you with a +0 dagger.
You shoot a sling bullet.
The sling bullet closely misses the orc wizard.
The orc wizard casts a spell at you.
You are confused.
2781 ||| DRINKING potion of curing.
You feel better.
2781 ||| (to cure confusion)
The orc wizard gestures at you while chanting.
You resist with some effort.
You hear some strange, mumbled words.
You are confused.
The orc wizard hits you with a +0 dagger.
Something hits you. Something barely misses you.
The orc wizard casts a spell at you.
You are more confused.
Something hits you but does no damage.
The orc wizard points at you and mumbles some strange words.
The magic dart hits you. Something hits you.
The orc wizard gestures at you while chanting.
The magic dart hits you! The orc misses you.
You hear some strange, mumbled words.
Something tries to affect you, but you resist.
The orc wizard casts a spell.
The orc wizard flickers and vanishes!
The orc hits you with a +0 club. Something hits you. Something hits you.
You die...

..
....#############
......o{........
#@......#
#.{.....#
#.......#
#.......#
#.......#
###...#....
#...># # #
#...#)#
....#.#)#.#


You could see an orc.

Vanquished Creatures
  An orc wizard (D:4)
  An iguana (D:2)
  2 adders (D:3)
  A worm (D:2)
  2 dart slugs
  2 orcs (D:4)
  6 endoplasms
  4 giant cockroaches
  9 hobgoblins
  A quokka (D:3)
  4 ball pythons
  3 bats
  3 frilled lizards
  6 goblins
  2 kobolds (D:4)
  3 rats
50 creatures vanquished.

Notes
Turn   | Place    | Note
-------+----------+-------------------------------------------
     0 | D:1      | qw the Minotaur Hexslinger began the quest for the Orb.
     0 | D:1      | Reached XP level 1. HP: 16/16 MP: 1/1
     0 | D:1      | 0 ||| qw: Version: 0.3-a-39-g4513739
     0 | D:1      | 0 ||| qw: Game counter: 7898
     0 | D:1      | 0 ||| qw: Melee chars always use a shield: true
     0 | D:1      | 0 ||| qw: God list: Okawaru
     0 | D:1      | 0 ||| qw: Allow faded altars: false
     0 | D:1      | 0 ||| qw: Do Orc after clearing Dungeon:15 true
     0 | D:1      | 0 ||| qw: Do second Lair branch before Depths: true
     0 | D:1      | 0 ||| qw: Lair rune preference: random
     0 | D:1      | 0 ||| qw: Goals: Normal
     0 | D:1      | 0 ||| PLANNING D:1-11
    28 | D:1      | Found a faded altar of an unknown god.
   291 | D:1      | Reached skill level 3 in Ranged Weapons
   355 | D:1      | 355 ||| FLEEEEING.
   357 | D:1      | 357 ||| FLEEEEING.
   358 | D:1      | 358 ||| FLEEEEING.
   359 | D:1      | 359 ||| FLEEEEING.
   372 | D:1      | Reached XP level 2. HP: 22/23 MP: 2/2
   728 | D:1      | 728 ||| DROPPING ring of magical power.
   729 | D:1      | 729 ||| READING 2 scrolls labelled XITURR JAOF.
   730 | D:1      | 730 ||| READING 2 scrolls labelled RINAUX QIKIAB.
   734 | D:1      | 734 ||| READING scroll labelled CYTAYN OMAMO.
   735 | D:1      | 735 ||| READING scroll labelled CAPNIE CIUBO.
   736 | D:1      | 736 ||| READING scroll labelled CEXZIXON JIUHA.
   737 | D:1      | 737 ||| DRINKING 3 bubbling red potions.
   842 | D:1      | 842 ||| DROPPING scroll of poison.
   843 | D:1      | 843 ||| DROPPING 2 potions of berserk rage.
  1012 | D:2      | 1012 ||| FLEEEEING.
  1141 | D:2      | Reached skill level 4 in Ranged Weapons
  1141 | D:2      | Reached XP level 3. HP: 10/29 MP: 3/3
  1141 | D:2      | HP: 3/29 [worm (7)]
  1142 | D:2      | 1142 ||| READING scroll of teleportation.
  1271 | D:2      | Found Goxuil's Weapon Shop.
  1277 | D:2      | 1277 ||| SHOPLISTING +7 longbow of Profit {flame, rC+ Dex-5
                  | SInv Stlth+} (629 gold, have 50).
  1669 | D:2      | 1669 ||| READING scroll labelled MEAMEL IGIEST.
  1670 | D:2      | 1670 ||| READING scroll labelled QOM AXAVEEKAG.
  1671 | D:2      | 1671 ||| READING 2 scrolls of identify.
  1671 | D:2      | 1671 ||| IDENTIFYING murky clear potion
  1672 | D:2      | 1672 ||| DROPPING potion of lignification.
  1912 | D:3      | Reached XP level 4. HP: 36/36 MP: 4/4
  2384 | D:3      | Reached skill level 5 in Ranged Weapons
  2639 | D:3      | 2639 ||| DRINKING 2 inky potions.
  2649 | D:3      | 2649 ||| DRINKING 2 lumpy clear potions.
  2650 | D:3      | 2650 ||| READING 2 scrolls of identify.
  2650 | D:3      | 2650 ||| IDENTIFYING sedimented red potion
  2651 | D:3      | 2651 ||| DROPPING potion of degeneration.
  2652 | D:3      | 2652 ||| DROPPING potion of ambrosia.
  2707 | D:4      | Reached skill level 3 in Fighting
  2713 | D:4      | 2713 ||| FLEEEEING.
  2781 | D:4      | 2781 ||| DRINKING potion of curing.
  2781 | D:4      | 2781 ||| (to cure confusion)
  2786 | D:4      | HP: 9/38 [orc wizard/magic dart (11)]
  2787 | D:4      | HP: 4/38 [something (3)]
  2788 | D:4      | Slain by an orc wizard

Levels and vault maps discovered:
D:1:      lemuel_arrival_hallway, layout_basic,
          shapermc_ecumenical_altar_flowoftime
D:2:      layout_basic, serial_shops, nicolae_shop_bloodbath_and_beyond
D:3:      layout_loops_corners, minmay_goblin_kobold_house
D:4:      layout_basic, corexii_hall_statues_u, minmay_three_crescents

Skill      XL: |  1  2  3  4 |
---------------+-------------+-----
Ranged Weapons | 3 4 5 |  5.0
Fighting       | 2 3 |  3.0
Dodging        | |  2.1
Spellcasting   | |  1.0
Hexes          | |  2.0

Action                     |  1- 3 |  4- 6 || total
---------------------------+-------+-------++-------
   Fire: Sling             |    93 |    76 ||   169
    Use: Scroll            |     9 |     1 ||    10
         Potion            |     1 |     3 ||     4
 Armour: Robe              |    11 |     5 ||    16
  Dodge: Dodged            |    26 |    27 ||    53

Table legend:
 A = Non-vault XP
 B = Vault XP
 C = Vault XP percentage of total XP
 D = Non-vault monster count
 E = Vault monster count
 F = Vault count percentage of total count
                 A         B        C        D         E       F
            +---------+---------+-------+---------+---------+-------
      Total |     165 |      22 |  11.8 |      39 |      11 |  22.0
            +---------+---------+-------+---------+---------+-------
        D:1 |      20 |       0 |   0.0 |      11 |       0 |   0.0
        D:2 |      53 |       0 |   0.0 |      11 |       0 |   0.0
        D:3 |      45 |      22 |  32.8 |      11 |      11 |  50.0
        D:4 |      47 |       0 |   0.0 |       6 |       0 |   0.0
            +---------+---------+-------+---------+---------+-------
